hackem, chaotic male human Monk - . ..--... %.^....` ---..@.. |-.... |..... |..... ---.......- |......... |.......... |.......... |`.....|>.| ---.------ - hackem the Novice Experience level: 5 Strength: 18/05 Dexterity: 12 Constitution: 11 Intelligence: 8 Wisdom: 12 Charisma: 9 Health: 0(37) Energy: 27(28) Def: 6 Gold: 130 Moves: 961 Dungeon seed: zQ_v6zW3YTtwBlN7 Game ID: hackem_1641592511 Your Inventory: Coins $ - 130 gold pieces Amulets p - a cursed amulet of strangulation Weapons i - 11 uncursed poisoned +0 elven arrows l - an uncursed poisoned +0 dart w - an uncursed +0 crossbow x - an uncursed +1 spear F - an uncursed +0 arrow G - an uncursed +0 crossbow H - 8 blessed +2 crossbow bolts I - a cursed -4 arrow J - 8 uncursed +0 daggers L - 4 uncursed +0 darts Armor e - an uncursed +2 pair of leather gloves (being worn) n - a blessed +1 robe (being worn) Comestibles d - 3 uncursed food rations f - 6 uncursed apples g - 6 uncursed oranges h - 3 uncursed fortune cookies q - an uncursed partly eaten lichen corpse Scrolls b - 2 blessed scrolls of teleportation j - a cursed scroll of enchant weapon k - 2 uncursed scrolls of enchant armor t - an uncursed scroll of teleportation Spellbooks a - a blessed spellbook of sleep E - an uncursed spellbook of restore ability Potions c - 2 uncursed potions of healing r - an uncursed potion of gain ability s - an uncursed potion of booze v - an uncursed potion of object detection z - an uncursed potion of paralysis A - a blessed potion of extra healing B - a blessed potion of restore ability Rings C - an uncursed +1 ring of increase accuracy Q - an uncursed ring of protection from shape changers Wands u - an uncursed wand of create monster (0:10) Tools o - an uncursed sack D - 9 uncursed tallow candles (0:200) M - 2 uncursed partly used wax candles (lit) (0:376) O - a cursed partly used tallow candle (lit) (0:47) Gems y - 2 uncursed worthless pieces of blue glass N - 3 uncursed worthless pieces of violet glass Y - an uncursed worthless piece of yellowish brown glass Spells and supernatural/magical abilities: Name Level Category Fail Memory z - sleep 1 enchantment 0% 96% W - pray for help -- divine ? -- Your skills at the end: Fighting Skills martial arts [Basic] Weapon Skills Spellcasting Skills healing spells [Basic] Final Attributes: You were piously aligned. You were sleep resistant. You were poison resistant. You saw invisible. You were stealthy. You were fast. You are dead. Vanquished creatures: a gnome king a dwarf lord 5 gnome lords a dwarf a hobbit 12 gnomes a gnome zombie a jackal 2 foxes 5 sewer rats a bat 2 lichens a kobold zombie 2 newts 36 creatures vanquished. Voluntary challenges: You followed a strict vegan diet. You were an atheist. You never hit with a wielded weapon. You read items or engraved 4 times, starting on turn 32. You never genocided any monsters. You never polymorphed an object. You never changed form. You used no wishes. You never split a pudding. You never wrote Elbereth's name. You never violated your personal moral code. Dungeon overview: The Dungeons of Doom: levels 1 to 4 Level 1 (unopened chest) a sink a long staircase Level 2 Level 3 a potion shop, a fountain stairs to The Gnomish Mines Level 4 The Gnomish Mines: levels 4 to 9 Level 4 stairs to The Dungeons of Doom Level 5 Level 7 <- You were here Level 8 Level 9 History has recorded: On T:1 you entered the Dungeons of Doom to retrieve the Amulet of Yendor! On T:196 you reached level 2 of The Dungeons of Doom. On T:396 you reached level 3 of The Dungeons of Doom. On T:449 you reached level 4 of The Dungeons of Doom. On T:532 you advanced to experience level 2. On T:638 you reached level 1 of The Gnomish Mines. On T:692 you reached level 2 of The Gnomish Mines. On T:713 you advanced to experience level 3. On T:737 you advanced to experience level 4. On T:853 you advanced to experience level 5. On T:897 you reached level 5 of The Gnomish Mines. On T:923 you reached level 6 of The Gnomish Mines. On T:945 you reached level 4 of The Gnomish Mines. Score breakdown: Gold: 130 ( 7202 points) Experience: 5 levels (11141 points) Exploration: 9 levels ( 18.37%) (12247 points) Discoveries: 3 items ( 1.07%) ( 3105 points) Valuables value: (no points given unless you survive) Artifact value: 0 ( 0 points) Variety of kills: 14 monsters ( 3.67%) ( 5750 points) Turncount: 961 turns ( 0 points) Survival: died (score multiplied by 80%) Total score: 31556 Latest messages: b - a blessed scroll of teleportation. D - a candle. You are beginning to feel weak. That food really hit the spot! You finish eating the food ration. You see here a thonged club. You are carrying too much to get through. Your candle is getting short. Your candles' flames burn brightly! You kill the gnome! You see here a blue gem. y - a blue gem. Click! You trigger a rolling boulder trap! The boulder hits the gnome! The gnome is killed! You are hit by a boulder. You hear a nearby zap. The bolt of lightning hits you! Your wand of striking breaks apart and explodes! Your wand of magic missile breaks apart and explodes! You die... The sack is empty. Final status: Goodbye hackem the Monk, killed by a bolt of lightning... You died in The Gnomish Mines on dungeon level 7 with 31556 points, and 130 pieces of gold, after 961 moves. You were level 5 with a maximum of 37 hit points when you died.